 Dungeon Crawl Stone Soup version 0.28.0 (webtiles) character file.

Game seed: 8994253402603886977

1 issech the Cudgeller (level 1, 0/22 HPs)
             Began as a Troll Monk on Feb 14, 2022.
             Slain by a kobold (4 damage)
             ... on level 2 of the Dungeon.
             The game lasted 00:00:48 (89 turns).

issech the Cudgeller (Troll Monk)                     Turns: 89, Time: 00:00:48

Health: 0/22       AC:  4    Str: 18    XL:     1   Next: 16%
Magic:  0/0        EV: 10    Int:  6    God:
Gold:   0          SH:  0    Dex: 12    Spells: 0/0 levels left

rFire   . . .      SeeInvis .   a - +0 mace
rCold   . . .      Faith    .   (no shield)
rNeg    . . .      Spirit   .   b - +0 robe
rPois   .          Reflect  .   (helmet restricted)
rElec   .          Harm     .   (no cloak)
rCorr   .          Rampage  .   (gloves unavailable)
Will    .....                   (boots unavailable)
Stlth   ++........              (no amulet)
HPRegen 0.87/turn               (no ring)
MPRegen 0.07/turn               (no ring)

@: no status effects
A: large, unfitting armour, claws 3, regeneration 1, shaggy fur 1, tough skin 1
a: no special abilities


You were on level 2 of the Dungeon.
You visited 1 branch of the dungeon, and saw 2 of its levels.

Inventory:

Hand Weapons
 a - a +0 mace (weapon)
Armour
 b - a +0 robe (worn)


   Skills:
 + Level 2.4 Fighting
 + Level 2.8 Maces & Flails
 + Level 2.4 Dodging
 + Level 1.0 Stealth


You couldn't memorise any spells.
You didn't know any spells.
Your spell library was empty.

Dungeon Overview and Level Annotations

Branches:
Dungeon (1/15)

Altars:

Annotations:
D:2 Natasha


Innate Abilities, Weirdness & Mutations

You are too large for most types of armour.
You have claws for hands.
Your natural rate of healing is unusually fast.
You are covered in fur. (AC +1)
You have tough skin. (AC +1)


Message History

The crimson imp disappears in a puff of smoke!
The crimson imp blinks!
Natasha claws you.
The crimson imp blinks!
Natasha closely misses you. Natasha casts a spell at you.
The magic dart hits you!
The crimson imp blinks!
The crimson imp disappears in a puff of smoke!
Natasha casts a spell at you. The magic dart hits you.
* * * LOW HITPOINT WARNING * * *
Natasha closely misses you. Natasha barely misses you.
Natasha casts a spell.
Natasha mumbles some strange words.
The goblin hits you but does no damage. The goblin closely misses you.
The crimson imp blinks! x2
The crimson imp blinks!
Natasha casts a spell.
The white imp disappears for a moment.
The crimson imp hits you but does no damage.
You sock the crimson imp!
The crimson imp is severely wounded.
The white imp barely misses you. The crimson imp hits you.
The white imp hits you. The white imp freezes you.
The crimson imp completely misses you.
A kobold comes into view. It is wielding a +0 whip.
The kobold shouts!
The crimson imp puffs mist at you.
The crimson imp hits you but does no damage.
The white imp hits you.
* * * LOW HITPOINT WARNING * * *
The white imp freezes you.
* * * LOW HITPOINT WARNING * * *
The goblin barely misses you.
You feel yourself speed up. The crimson imp barely misses you.
The kobold closely misses you. The crimson imp closely misses you.
The kobold barely misses you. Natasha claws you but does no damage.
The kobold hits you with a +0 whip.
You die...

### .... ##### .....
##...#
......###.5..###########
#.<..@5h5g...........h
####..K####.##########
....)...# #.## #
.........# #h5# #
..........# ##.#
..........# #.#
#..(....... #.##
##...#.###.. #..########
##.....†w..


You could see Natasha, a crimson imp (summoned), 2 white imps, a goblin and a
kobold.

Vanquished Creatures
  A giant cockroach (D:2)
1 creature vanquished.

Notes
Turn   | Place    | Note
-------+----------+-------------------------------------------
     0 | D:1      | issech the Troll Monk began the quest for the Orb.
     0 | D:1      | Reached XP level 1. HP: 22/22 MP: 0/0
    16 | D:1      | You fall into a shaft and drop 1 floor!
    30 | D:2      | Noticed Natasha
    38 | D:2      | Noticed a crimson imp
    47 | D:2      | Noticed a crimson imp
    57 | D:2      | Noticed a crimson imp
    58 | D:2      | Noticed a crimson imp
    69 | D:2      | Noticed a crimson imp
    79 | D:2      | Noticed a crimson imp
    86 | D:2      | HP: 1/22 [white imp[Natasha] (5)]
    89 | D:2      | Slain by a kobold

Illustrated notes

Levels and vault maps discovered:
D:1:      lightli_arrival_boilingwater, layout_loops_ring, lemuel_flame_loot_1
D:2:      layout_rooms, uniq_natasha

Action                   || total
-------------------------++-------
Melee: Mace              ||    12
Armor: Robe              ||    15
Dodge: Dodged            ||    16
